HS
SHAWNEE HS SWAMP DOGS @ ALAC C POPE HS GENERALS
03/01/2060
 
TOP OF THE 1ST
Shawnee HS Swamp Dogs batting - Pitching for Alac C Pope HS Generals : RHP Andy Williams
Pitching: RHP Andy Williams
Batting: LHB Marcus Barnhill 0-0: Called Strike
0-1: Called Strike
0-2: Foul Ball, location: 2F
0-2: Ball
1-2: Ball
2-2: Foul Ball, location: 2F
2-2: Ball
3-2: SINGLE (Line Drive, 89M, EV 110.6 MPH)
Batting: RHB Jared Elwell 0-0: Ball
1-0: Foul Ball, location: 2F
1-1: Grounds into double play, 6-4-3 (Groundball, 56, EV 93.1 MPH)
Batting: RHB Doug Hardy 0-0: Ball
1-0: Foul Ball, location: 2F
1-1: Swinging Strike
1-2: Strikes out swinging
Top of the 1st over - 0 runs, 1 hit, 0 errors, 0 left on base; Shawnee HS 0 - Alac C Pope HS 0
BOTTOM OF THE 1ST
Alac C Pope HS Generals batting - Pitching for Shawnee HS Swamp Dogs : LHP Graham Wire
Pitching: LHP Graham Wire
Batting: RHB Dalton Burton 0-0: Ball
1-0: Called Strike
1-1: SINGLE (Line Drive, 3D, EV 104.4 MPH)
Batting: LHB Logan Gruskin 0-0: Called Strike
0-1: Ball
1-1: Ball
2-1: Foul Ball, location: 2F
2-2: Ball
3-2: Foul Ball, location: 2F
3-2: Foul Ball, location: 2F
3-2: Foul Ball, location: 2F
3-2: Fly out, F7 (Line Drive, 7, EV 86.9 MPH)
Batting: SHB Joey Fontana 0-0: Fielders Choice at 2nd, 1-6 (Groundball, 34S, EV 69.4 MPH)
Batting: LHB Drew Pines 0-0: Ball
1-0: Foul Ball, location: 2F
1-1: Ball
2-1: Called Strike
2-2: Ball
3-2: Base on Balls
Joey Fontana to second
Batting: LHB Cameron Kingery 0-0: Ball
1-0: Called Strike
1-1: Foul Ball, location: 2F
1-2: Ball
2-2: Fly out, F7 (Flyball, 78XD, EV 91.2 MPH)
Bottom of the 1st over - 0 runs, 1 hit, 0 errors, 2 left on base; Shawnee HS 0 - Alac C Pope HS 0
TOP OF THE 2ND
Shawnee HS Swamp Dogs batting - Pitching for Alac C Pope HS Generals : RHP Andy Williams
Batting: RHB Conner Burson 0-0: Ball
1-0: Swinging Strike
1-1: Foul Ball, location: 2F
1-2: Strikes out swinging
Pitching: RHP Gage Mecca
Batting: RHB Nathaniel James 0-0: Ball
1-0: Called Strike
1-1: Swinging Strike
1-2: Strikes out swinging, 2-3 out at first.
Batting: LHB Zane Baskind 0-0: Ground out 6-3 (Groundball, 6MS, EV 86.9 MPH)
Top of the 2nd over - 0 runs, 0 hits, 0 errors, 0 left on base; Shawnee HS 0 - Alac C Pope HS 0
BOTTOM OF THE 2ND
Alac C Pope HS Generals batting - Pitching for Shawnee HS Swamp Dogs : LHP Graham Wire
Batting: RHB David Mojica 0-0: Called Strike
0-1: Swinging Strike
0-2: Foul Ball, location: 2F
0-2: Fly out, F7 (Line Drive, 78M, EV 86.2 MPH)
Batting: RHB Bengie Reed 0-0: Ball
1-0: Foul Ball, location: 2F
1-1: Ball
2-1: Ball
3-1: Base on Balls
Batting: RHB Pat Hefley 0-0: Called Strike
0-1: Called Strike
0-2: Foul Ball, location: 2F
0-2: Fly out, F3 (Popup, 34S, EV 80.6 MPH)
Batting: RHB Cody Jones 0-0: Ball
1-0: Called Strike
1-1: Fielders Choice at 2nd, 5-4 (Groundball, 56, EV 99.4 MPH)
Bottom of the 2nd over - 0 runs, 0 hits, 0 errors, 1 left on base; Shawnee HS 0 - Alac C Pope HS 0
TOP OF THE 3RD
Shawnee HS Swamp Dogs batting - Pitching for Alac C Pope HS Generals : RHP Gage Mecca
Batting: RHB Jeremy Tillman 0-0: Ball
1-0: Called Strike
1-1: Foul Ball, location: 2F
1-2: Foul Ball, location: 2F
1-2: Ball
2-2: SINGLE (Line Drive, 5D, EV 99.4 MPH)
Batting: RHB Jake Gage 0-0: Called Strike
0-1: Foul Ball, location: 2F
0-2: Ball
1-2: Grounds into double play, 3-6-1 (Groundball, 3S, EV 82.5 MPH)
Batting: RHB Clark Martin 0-0: Foul Ball, location: 2F
0-1: Ball
1-1: Ball
2-1: Called Strike
2-2: SINGLE (Line Drive, 9LS, EV 92.5 MPH)
Batting: LHB Marcus Barnhill 0-0: Called Strike
0-1: Ball
1-1: Ball
2-1: Foul Ball, location: 2F
2-2: Foul Ball, location: 2F
2-2: Ball
3-2: SINGLE (Line Drive, 56, EV 97.5 MPH)
Clark Martin to second
Clark Martin to third
Batting: RHB Jared Elwell 0-0: Ball
1-0: Foul Ball, location: 2F
1-1: Fly out, F9 (Flyball, 9, EV 92.5 MPH)
Top of the 3rd over - 0 runs, 3 hits, 0 errors, 2 left on base; Shawnee HS 0 - Alac C Pope HS 0
BOTTOM OF THE 3RD
Alac C Pope HS Generals batting - Pitching for Shawnee HS Swamp Dogs : LHP Graham Wire
Batting: RHB Dalton Burton 0-0: Ball
1-0: Ball
2-0: Ball
3-0: Fly out, F9 (Flyball, 89M, EV 86.9 MPH)
Batting: LHB Logan Gruskin 0-0: Ball
1-0: Ball
2-0: Swinging Strike
2-1: Ball
3-1: SINGLE (Flyball, 4D, EV 88.8 MPH)
Batting: SHB Joey Fontana 0-0: Ball
1-0: Foul Ball, location: 2F
1-1: Called Strike
1-2: Grounds into double play, 5-4-3 (Groundball, 56, EV 105.0 MPH)
Bottom of the 3rd over - 0 runs, 1 hit, 0 errors, 0 left on base; Shawnee HS 0 - Alac C Pope HS 0
TOP OF THE 4TH
Shawnee HS Swamp Dogs batting - Pitching for Alac C Pope HS Generals : RHP Gage Mecca
Batting: RHB Doug Hardy 0-0: Ball
1-0: Ball
2-0: Ball
3-0: Called Strike
3-1: Base on Balls
Batting: RHB Conner Burson 0-0: Called Strike
0-1: Swinging Strike
0-2: Ball
1-2: Foul Ball, location: 2F
1-2: Ball
2-2: Foul Ball, location: 2F
2-2: Ball
3-2: Strikes out swinging
Batting: RHB Nathaniel James 0-0: Hit by Pitch
Doug Hardy to second
Batting: LHB Zane Baskind 0-0: Ball
1-0: Called Strike
1-1: Foul Ball, location: 2F
1-2: Grounds into double play, 4-6-3 (Groundball, 4, EV 96.2 MPH)
Top of the 4th over - 0 runs, 0 hits, 0 errors, 1 left on base; Shawnee HS 0 - Alac C Pope HS 0
BOTTOM OF THE 4TH
Alac C Pope HS Generals batting - Pitching for Shawnee HS Swamp Dogs : LHP Graham Wire
Batting: LHB Drew Pines 0-0: Fly out, F7 (Flyball, 7S, EV 91.2 MPH)
Batting: LHB Cameron Kingery 0-0: Ball
1-0: Called Strike
1-1: Ball
2-1: Swinging Strike
2-2: Strikes out swinging
Batting: RHB David Mojica 0-0: Fly out, F9 (Flyball, 9, EV 96.2 MPH)
Bottom of the 4th over - 0 runs, 0 hits, 0 errors, 0 left on base; Shawnee HS 0 - Alac C Pope HS 0
TOP OF THE 5TH
Shawnee HS Swamp Dogs batting - Pitching for Alac C Pope HS Generals : RHP Gage Mecca
Batting: RHB Jeremy Tillman 0-0: Hit by Pitch
Batting: RHB Jake Gage 0-0: Ball
1-0: Sac Bunt to 5S - play at second, runner safe!
Batting: RHB Clark Martin 0-0: Called Strike
0-1: Ball
1-1: Ball
2-1: Fly out, F8 (Flyball, 8LD, EV 96.2 MPH)
Batting: LHB Marcus Barnhill 0-0: Ball
1-0: Swinging Strike
1-1: Foul Ball, location: 2F
1-2: Ball
2-2: Ball
3-2: Base on Balls
Jeremy Tillman to third
Jake Gage to second
Batting: RHB Jared Elwell 0-0: Swinging Strike
0-1: Grounds into fielders choice 4-2 (Groundball, 4, EV 111.2 MPH)
Jake Gage to third
Marcus Barnhill to second
Pinch Hitting: RHB Trevin Flores 0-0: Ball
Wild Pitch!
Jake Gage scores
Marcus Barnhill to third
Jared Elwell to second
1-0: Ball
2-0: Swinging Strike
2-1: Foul Ball, location: 2F
2-2: Foul Ball, location: 2F
2-2: Ball
3-2: Foul Ball, location: 2F
3-2: Foul Ball, location: 2F
3-2: SINGLE (Flyball, 34D, EV 91.9 MPH)
Marcus Barnhill scores
Jared Elwell to third
Runner from 3rd tries for Home, throw by RF and OUT! 9-2
Top of the 5th over - 2 runs, 1 hit, 0 errors, 1 left on base; Shawnee HS 2 - Alac C Pope HS 0
BOTTOM OF THE 5TH
Alac C Pope HS Generals batting - Pitching for Shawnee HS Swamp Dogs : LHP Graham Wire
Now in LF: Brian Keck
Batting: RHB Bengie Reed 0-0: Called Strike
0-1: Ground out 5-3 (Groundball, 56S, EV 81.2 MPH)
Batting: RHB Pat Hefley 0-0: Ground out 5-3 (Groundball, 56, EV 90.0 MPH)
Batting: RHB Cody Jones 0-0: Called Strike
0-1: Foul Ball, location: 2F
0-2: Ball
1-2: Foul Ball, location: 2F
1-2: Ball
2-2: Ball
3-2: Foul Ball, location: 2F
3-2: Base on Balls
Batting: RHB Dalton Burton 0-0: Ball
1-0: Ball
2-0: SINGLE (Line Drive, 4D, EV 98.1 MPH)
Cody Jones to second
Runner from 2nd tries for 3rd, SAFE, throw by CF made to third
Batting: LHB Logan Gruskin 0-0: Called Strike
0-1: Ball
1-1: Called Strike
1-2: Ball
2-2: Ball
3-2: Foul Ball, location: 2F
3-2: Strikes out swinging
Bottom of the 5th over - 0 runs, 1 hit, 0 errors, 2 left on base; Shawnee HS 2 - Alac C Pope HS 0
TOP OF THE 6TH
Shawnee HS Swamp Dogs batting - Pitching for Alac C Pope HS Generals : RHP Gage Mecca
Pitching: LHP Keilan Kallfelz
Batting: RHB Conner Burson 0-0: Ball
1-0: Fly out, F8 (Flyball, 8RXD, EV 95.0 MPH)
Batting: RHB Nathaniel James 0-0: Called Strike
0-1: Called Strike
0-2: Ball
1-2: SINGLE (Groundball, 6MD, EV 108.1 MPH)
Batting: LHB Zane Baskind 0-0: Ball
1-0: Called Strike
1-1: Ball
2-1: Fly out, F8 (Flyball, 8RM, EV 93.1 MPH)
Batting: RHB Jeremy Tillman 0-0: Fly out, F4 (Line Drive, 4, EV 70.6 MPH)
Top of the 6th over - 0 runs, 1 hit, 0 errors, 1 left on base; Shawnee HS 2 - Alac C Pope HS 0
BOTTOM OF THE 6TH
Alac C Pope HS Generals batting - Pitching for Shawnee HS Swamp Dogs : LHP Graham Wire
Pitching: RHP Darin Harpst
Batting: SHB Joey Fontana 0-0: Called Strike
0-1: Ball
1-1: Ball
2-1: Ball
3-1: Base on Balls
Batting: LHB Drew Pines 0-0: Called Strike
0-1: Fly out, F8 (Flyball, 8LXD, EV 93.1 MPH)
Batting: LHB Cameron Kingery 0-0: Ball
1-0: Called Strike
1-1: SINGLE (Line Drive, 6D, EV 100.0 MPH)
Joey Fontana to second
Batting: RHB David Mojica 0-0: Called Strike
0-1: Fly out, F7 (Flyball, 78S, EV 87.5 MPH)
Batting: RHB Bengie Reed 0-0: SINGLE (Flyball, 6MD, EV 97.5 MPH)
Joey Fontana to third
Cameron Kingery to second
Runner from 3rd tries for Home, SAFE, throw by CF to home
Batting: RHB Pat Hefley 0-0: Fielders Choice at 2nd, 6-4 (Groundball, 6, EV 76.9 MPH)
Bottom of the 6th over - 1 run, 2 hits, 0 errors, 2 left on base; Shawnee HS 2 - Alac C Pope HS 1
TOP OF THE 7TH
Shawnee HS Swamp Dogs batting - Pitching for Alac C Pope HS Generals : LHP Keilan Kallfelz
Batting: RHB Jake Gage 0-0: Ball
1-0: Fly out, F9 (Line Drive, 9S, EV 100.0 MPH)
Batting: RHB Clark Martin 0-0: Swinging Strike
0-1: Called Strike
0-2: Ball
1-2: Ball
2-2: Ball
3-2: Base on Balls
Batting: LHB Marcus Barnhill 0-0: Called Strike
0-1: Foul Ball, location: 2F
0-2: Fly out, F7 (Flyball, 7LM, EV 108.1 MPH)
Batting: RHB Jared Elwell 0-0: Ball
1-0: Foul Ball, location: 2F
1-1: Ball
2-1: Ball
3-1: Foul Ball, location: 2F
3-2: Base on Balls
Clark Martin to second
Batting: RHB Brian Keck 0-0: Ball
1-0: Swinging Strike
1-1: Called Strike
1-2: Foul Ball, location: 2F
1-2: Ball
2-2: Ball
3-2: Foul Ball, location: 2F
3-2: Strikes out looking
Top of the 7th over - 0 runs, 0 hits, 0 errors, 2 left on base; Shawnee HS 2 - Alac C Pope HS 1
BOTTOM OF THE 7TH
Alac C Pope HS Generals batting - Pitching for Shawnee HS Swamp Dogs : RHP Darin Harpst
Batting: RHB Cody Jones 0-0: Ball
1-0: Ball
2-0: Ball
3-0: Called Strike
3-1: Foul Ball, location: 2F
3-2: Base on Balls
Batting: RHB Dalton Burton 0-0: Foul Ball, location: 2F
0-1: Bunted foul
0-2: Ball
1-2: Ball
2-2: Fly out, F9 (Flyball, 89S, EV 89.4 MPH)
Batting: LHB Logan Gruskin 0-0: Ball
1-0: Called Strike
1-1: Ball
2-1: SINGLE (Groundball, 4MD, EV 98.8 MPH)
Cody Jones to second
Batting: SHB Joey Fontana 0-0: Ball
1-0: Called Strike
1-1: Ball
2-1: Ball
3-1: 3-RUN HOME RUN (Flyball, 7D, EV 103.8 MPH), Distance : 383 ft
Pitching: LHP Tanner Hounshell
Batting: SHB Drayton Boone 0-0: Called Strike
0-1: Ball
1-1: Ball
2-1: Swinging Strike
2-2: Strikes out swinging
Batting: LHB Cameron Kingery 0-0: Called Strike
0-1: Ball
1-1: SINGLE (Groundball, 4MD, EV 100.0 MPH)
Batting: RHB David Mojica 0-0: Called Strike
0-1: Ball
1-1: Ball
2-1: Ball
3-1: Base on Balls
Cameron Kingery to second
Batting: RHB Bengie Reed 0-0: Foul Ball, location: 2F
0-1: Called Strike
0-2: Foul Ball, location: 2F
0-2: Foul Ball, location: 2F
0-2: Strikes out looking
Bottom of the 7th over - 3 runs, 3 hits, 0 errors, 2 left on base; Shawnee HS 2 - Alac C Pope HS 4
TOP OF THE 8TH
Shawnee HS Swamp Dogs batting - Pitching for Alac C Pope HS Generals : LHP Keilan Kallfelz
Batting: RHB Conner Burson 0-0: Ball
1-0: Called Strike
1-1: SOLO HOME RUN (Flyball, 89XD, EV 103.8 MPH), Distance : 423 ft
Batting: RHB Nathaniel James 0-0: Foul Ball, location: 2F
0-1: Ball
1-1: Ball
2-1: Foul Ball, location: 2F
2-2: Ball
3-2: Hit by Pitch
Batting: LHB Zane Baskind 0-0: Sac Bunt to 13S - play at first, batter OUT! 1-3
Nathaniel James to second
Pitching: LHP Mitch Silveira
Pinch Hitting: RHB Davey Smith 0-0: Ball
1-0: Ground out 6-3 (Groundball, 6M, EV 82.5 MPH)
Nathaniel James to third
Batting: RHB Jake Gage 0-0: Called Strike
0-1: Swinging Strike
0-2: Ball
1-2: Ball
2-2: Ball
3-2: Ground out 5-3 (Groundball, 56, EV 100.0 MPH)
Top of the 8th over - 1 run, 1 hit, 0 errors, 1 left on base; Shawnee HS 3 - Alac C Pope HS 4
BOTTOM OF THE 8TH
Alac C Pope HS Generals batting - Pitching for Shawnee HS Swamp Dogs : LHP Tanner Hounshell
Now at 2B: Asa Shipley
Batting: RHB Pat Hefley 0-0: Ball
1-0: DOUBLE (Flyball, 8RXD, EV 101.2 MPH)
Batting: RHB Cody Jones 0-0: Called Strike
0-1: Ball
1-1: Ball
2-1: Swinging Strike
2-2: Ball
3-2: Foul Ball, location: 2F
3-2: Base on Balls
Batting: RHB Dalton Burton 0-0: Ball
1-0: Foul Ball, location: 2F
1-1: Ball
2-1: Called Strike
2-2: Foul Ball, location: 2F
2-2: Fly out, F9 (Flyball, 9, EV 87.5 MPH)
Batting: LHB Logan Gruskin 0-0: Ball
1-0: Swinging Strike
1-1: SINGLE (Line Drive, 4D, EV 96.2 MPH)
Pat Hefley to third
Cody Jones to second
Batting: SHB Joey Fontana 0-0: Called Strike
0-1: Hit by Pitch
Pat Hefley scores
Cody Jones to third
Logan Gruskin to second
Pitching: RHP Isaac Ottens
Batting: SHB Drayton Boone 0-0: Swinging Strike
0-1: Foul Ball, location: 2F
0-2: Foul Ball, location: 2F
0-2: Ball
1-2: Foul Ball, location: 2F
1-2: Ball
2-2: Ball
3-2: Strikes out looking
Batting: LHB Cameron Kingery 0-0: Ball
1-0: Ball
Wild Pitch!
Cody Jones scores
Logan Gruskin to third
Joey Fontana to second
2-0: Ball
3-0: Called Strike
3-1: Called Strike
3-2: Strikes out swinging
Bottom of the 8th over - 2 runs, 2 hits, 0 errors, 2 left on base; Shawnee HS 3 - Alac C Pope HS 6
TOP OF THE 9TH
Shawnee HS Swamp Dogs batting - Pitching for Alac C Pope HS Generals : LHP Mitch Silveira
Pitching: LHP Cody Masse
Now in RF: Topher Pelley
Pinch Hitting: LHB Erick Treadway 0-0: Ball
1-0: Ball
2-0: Ball
3-0: Called Strike
3-1: SINGLE (Groundball, 4D, EV 98.1 MPH)
Batting: LHB Marcus Barnhill 0-0: Called Strike
0-1: Ball
1-1: Ball
2-1: Ball
3-1: Fielders Choice at 2nd, 4-6 (Groundball, 4MD, EV 90.0 MPH)
Batting: RHB Jared Elwell 0-0: Swinging Strike
0-1: Ball
1-1: Called Strike
1-2: Ball
2-2: Ball
3-2: Strikes out swinging
Batting: RHB Brian Keck 0-0: Swinging Strike
0-1: Ball
1-1: Fly out, F9 (Flyball, 9LS, EV 91.9 MPH)
Top of the 9th over - 0 runs, 1 hit, 0 errors, 1 left on base; Shawnee HS 3 - Alac C Pope HS 6
Tuesday, April 16th , 2024 - OOTP Baseball 23.10 Build 110